 Dungeon Crawl Stone Soup version 0.20.1-1-g8b1a95d (webtiles) character file.

351 tmwrnj the Shield-Bearer (level 6, -12/53 HPs)
             Began as a Hill Orc Fighter on Sept 6, 2017.
             Was a Follower of Beogh.
             Mangled by an ogre
             ... wielding a +0 giant spiked club
              (17 damage)
             ... on level 4 of the Dungeon.
             The game lasted 00:08:49 (3794 turns).

tmwrnj the Shield-Bearer (Hill Orc Fighter)         Turns: 3794, Time: 00:08:50

Health: -12/53     AC: 13    Str: 21    XL:     6   Next: 61%
Magic:  6/6        EV:  4    Int:  8    God:    Beogh [*.....]
Gold:   164        SH:  9    Dex: 10    Spells: 5/5 levels left

rFire    . . .     SeeInvis .   a - +0 flail
rCold    . . .     Gourm    .   x - +0 shield
rNeg     + . .     Faith    .   s - +0 plate armour
rPois    .         Spirit   .   (no helmet)
rElec    .         Reflect  .   h - +0 cloak
rCorr    +         Harm     .   (no gloves)
MR       .....                  (no boots)
Stlth    ..........             (no amulet)
Regen    0.2/turn               e - ring of positive energy
MPRegen  0.1/turn               y - ring of resist corrosion

@: no status effects
A: no striking features
a: Renounce Religion


You were on level 4 of the Dungeon.
You worshipped Beogh.
Beogh was aware of your devotion.
You were hungry.

You visited 1 branch of the dungeon, and saw 7 of its levels.

You collected 164 gold pieces.

Inventory:

Hand Weapons
 a - a +0 flail (weapon)
Armour
 b - a +0 scale mail
 h - a +0 cloak (worn)
 s - a +0 plate armour (worn)
 x - a +0 shield (worn)
Jewellery
 e - a ring of positive energy (left hand)
 y - a ring of resist corrosion (right hand)
Scrolls
 j - 3 scrolls of remove curse
 k - a scroll of immolation {unknown}
 l - a scroll of enchant weapon {unknown}
 n - 3 scrolls of identify {unknown}
 o - a scroll of fear {unknown}
 p - a scroll of amnesia {unknown}
 r - a scroll of enchant armour {unknown}
 t - a scroll of teleportation {unknown}
 w - a scroll of recharging {unknown}
 B - a scroll of blinking {unknown}
Potions
 c - a potion of brilliance {unknown}
 d - a potion of might
 i - a potion of resistance {unknown}
 m - 7 potions of curing {unknown}
 q - a potion of invisibility {unknown}
 u - 2 potions of degeneration {unknown}
 v - a potion of mutation {unknown}
Comestibles
 f - 3 bread rations
 g - 2 meat rations
 z - 2 royal jellies
 A - a fruit


   Skills:
 + Level 4.4 Fighting
 + Level 4.7 Maces & Flails
 + Level 4.6 Armour
 + Level 1.0 Dodging
 + Level 0.3 Stealth
 + Level 4.8 Shields


You had 5 spell levels left.
You didn't know any spells.

Dungeon Overview and Level Annotations

Branches:
Dungeon (7/15)             Temple (0/1) D:4

Altars:
Elyvilon
Fedhas
Gozag
Kikubaaqudgha
Makhleb
Okawaru
Qazlal
Sif Muna
Uskayaw
Yredelemnul

Shops:
D:4 *

Annotations:
D:4 Ratty's ghost, amateur DEFE


Message History

Beogh accepts your kill.
B - a scroll labeled AKHLESO GELO An ogre comes into view.
It is wielding a giant spiked club.
The ogre shouts!
The ogre hits you with a giant spiked club!
Your plate armour prevents you from hitting the ogre.
The ogre hits you with a giant spiked club!
You thump the ogre!
The ogre is moderately wounded.
You completely miss the ogre.
The ogre is moderately wounded.
The ogre barely misses you.
You thump the ogre!
The ogre is severely wounded.
The ogre hits you with a giant spiked club!!
* * * LOW HITPOINT WARNING * * *
You hit the ogre.
The ogre is almost dead.
The ogre hits you with a giant spiked club!
You die...

.# #.##.#.....≈# .
.###.##.≈#....§# ≈..
.....##.#.....≈## #≈..
...####.......≈≈####≈§..
...# #........≈§≈§≈≈...
...# #.................
..#####'#..##....§.....#
............#....O.....#
##..............@.......
........##......#.....
........###....#§# ..#
##........# ######## #
≈≈........# .≈........#
.≈........# .≈ .......
.≈#


You could see an ogre.

Vanquished Creatures
  2 scorpions (D:4)
  A crimson imp (D:3)
  A hound (D:5)
  An iguana (D:4)
  A worker ant (D:3)
  A hound skeleton (D:5)
  A gnoll (D:3)
  6 adders
  An ooze (D:3)
  2 worms
  A dart slug (D:1)
  4 leopard geckos
  An orc (D:3)
  2 giant cockroaches
  8 goblins
  4 hobgoblins
  7 jackals
  2 quokkas
  A ball python (D:1)
  5 bats
  3 frilled lizards
  3 kobolds
  2 leopard gecko skeletons
  7 rats
67 creatures vanquished.

Vanquished Creatures (others)
  An orc priest (D:3)
  2 gnolls (D:3)
  3 orcs (D:3)
  2 bats (D:3)
  2 kobolds (D:3)
  A rat (D:3)
11 creatures vanquished.

Grand Total: 78 creatures vanquished

Notes
Turn   | Place    | Note
-------+----------+-------------------------------------------
     0 | D:1      | tmwrnj the Hill Orc Fighter began the quest for the Orb.
     0 | D:1      | Reached XP level 1. HP: 19/19 MP: 1/1
    62 | D:1      | Reached XP level 2. HP: 21/27 MP: 2/2
   645 | D:2      | Reached XP level 3. HP: 28/33 MP: 3/3
   732 | D:2      | Found a deep blue altar of Sif Muna.
  1372 | D:3      | Became a worshipper of Beogh the Brigand
  1401 | D:3      | Found a burning altar of Makhleb.
  1447 | D:3      | Reached XP level 4. HP: 15/40 MP: 4/4
  2111 | D:3      | Reached XP level 5. HP: 30/46 MP: 5/5
  2272 | D:3      | Noticed an ogre
  2291 | D:4      | Noticed Ratty's ghost (amateur DEFE)
  2296 | D:5      | Entered Level 5 of the Dungeon
  2455 | D:5      | Found a basalt altar of Yredelemnul.
  2457 | D:5      | Found a white marble altar of Elyvilon.
  2458 | D:5      | Found a stormy altar of Qazlal.
  2458 | D:5      | Noticed a sky beast
  2503 | D:5      | Found an iron altar of Okawaru.
  2504 | D:5      | Found an ancient bone altar of Kikubaaqudgha.
  2506 | D:6      | Found a hide-covered altar of Uskayaw.
  2512 | D:6      | Noticed an ice beast
  2530 | D:6      | Noticed an ice beast
  2561 | D:7      | Reached * piety under Beogh
  2736 | D:7      | Noticed a black bear
  2770 | D:4      | Found a staircase to the Ecumenical Temple.
  2770 | D:4      | Found an opulent altar of Gozag.
  2770 | D:4      | Noticed an ogre
  2804 | D:3      | Reached skill level 1 in Dodging
  3004 | D:4      | Found Gozag's Platinum Reserve.
  3034 | D:4      | Reached XP level 6. HP: 14/53 MP: 6/6
  3368 | D:4      | Found a blossoming altar of Fedhas.
  3794 | D:4      | Mangled by an ogre

Skill      XL: |  1  2  3  4  5 |
---------------+----------------+-----
Fighting       | 4 |  4.4
Armour         | 4 |  4.6
Maces & Flails | 3 4 |  4.7
Shields        | 4 |  4.8
Dodging        | 1 |  1.0
Stealth        | |  0.3

Action                   |  1- 3 |  4- 6 || total
-------------------------+-------+-------++-------
Melee: Flail             |   149 |   196 ||   345
Invok: Convert to Beogh  |     1 |       ||     1
  Use: Scroll            |       |     2 ||     2
  Eat: Chunk             |     2 |     5 ||     7
       Royal jelly       |       |     1 ||     1
Armor: Scale mail        |   127 |    60 ||   187
       Plate armour      |       |    77 ||    77
Dodge: Dodged            |    62 |    62 ||   124
Block: Shield            |   118 |   122 ||   240
